 Dungeon Crawl Stone Soup version 0.30.0-5-g1a98f26d00 (webtiles) character file.

Game seed: 11218025215053834683

256 Brutalitops the Shooter (level 6, -6/59 HPs)
             Began as an Ogre Hexslinger on May 9, 2023.
             Was a Follower of Fedhas.
             Mangled by an iguana (14 damage)
             ... on level 4 of the Dungeon.
             The game lasted 00:18:07 (4001 turns).

Brutalitops the Shooter (Ogre Hexslinger)           Turns: 4001, Time: 00:18:07

Health: -6/59      AC:  3    Str: 15    XL:     6   Next: 15%
Magic:  8/8        EV: 10    Int: 16    God:    Fedhas [*.....]
Gold:   160        SH:  0    Dex:  9    Spells: 4/8 levels left

rFire   + . .        a - +1 sling
rCold   x . .        (no shield)
rNeg    . . .        c - +0 robe
rPois   .            (helmet restricted)
rElec   .            (no cloak)
rCorr   .            (gloves unavailable)
SInv    .            (boots unavailable)
Will    .....        (no amulet)
Stlth   +            h - ring of wizardry
HPRegen 0.29/turn    q - ring of fire
MPRegen 0.11/turn

%: wizardry (x1)
@: about to teleport
A: large, unfitting armour, tough skin 1
a: Renounce Religion


You were on level 4 of the Dungeon.
You worshipped Fedhas.
Fedhas was aware of your devotion.
You visited 1 branch of the dungeon, and saw 5 of its levels.

You collected 160 gold pieces.

Inventory:

Hand Weapons
 a - a +1 sling (weapon)
 j - a +0 morningstar
Armour
 c - a +0 robe (worn)
Magical Staves
 i - a staff of conjuration
Jewellery
 d - an amulet of guardian spirit
 g - a +6 ring of strength
 h - a ring of wizardry (left hand)
 n - a ring of poison resistance
 q - a ring of fire (right hand)
Scrolls
 l - a scroll of teleportation
 s - a scroll of enchant armour
Potions
 b - a potion of might
 e - 2 potions of flight
 f - 2 potions of curing
 k - a potion of lignification
 m - 3 potions of cancellation
 o - 2 potions of brilliance
 p - 3 potions of invisibility
 r - a potion of heal wounds {unknown}


   Skills:
 + Level 2.7 Fighting
 + Level 0.7 Maces & Flails
 + Level 3.3 Ranged Weapons
 + Level 2.1 Dodging
 + Level 0.2 Stealth
 - Level 1.5 Spellcasting
 - Level 3.0 Hexes
 + Level 2.0 Fire Magic
 * Level 1.1 Invocations


You had 4 spell levels left.
You knew the following spells:

 Your Spells              Type           Power      Damage    Failure   Level
a - Slow                  Hex            40%        N/A       2%          1
b - Inner Flame           Hex/Fire       13%        N/A       10%         3

Your spell library contained the following spells:

 Spells                   Type           Power      Damage    Failure   Level
 Scorch                   Fire           22%        2d5       6%          2
 Portal Projectile        Hex/Tloc       12%        N/A       14%         3
 Vhi's Electric Charge    Tloc/Air       2%         N/A       26%         3
 Cause Fear               Hex            5%         N/A       26%         4
 Flame Wave               Conj/Fire      6%         2d5       47%         4
 Arcjolt                  Conj/Air       0%         1d10      91%         5
 Plasma Beam              Fire/Air       3%         2x1d14    100%        6
 Summon Cactus Giant      Summ           0%         N/A       100%        6


Dungeon Overview and Level Annotations

Branches:
Dungeon (5/15)
 Temple: D:4-7

Altars:
Fedhas

Annotations:
D:2 Natasha


Innate Abilities, Weirdness & Mutations

You are too large for most types of armour.
You have tough skin. (AC +1)


Message History

Aim: an iguana (58% to hit)
You shoot a sling bullet. The sling bullet hits the iguana.
The iguana is lightly wounded.
Fire: a) +1 sling
Press: ? - help, Q - select action, (/) - cycle Shift-Dir - straight line, f/p - iguana
Aim: an iguana (lightly wounded, 58% to hit)
You shoot a sling bullet.
The sling bullet closely misses the iguana.
Fire: a) +1 sling
Press: ? - help, Q - select action, (/) - cycle Shift-Dir - straight line, f/p - iguana
Aim: an iguana (lightly wounded, 58% to hit)
You shoot a sling bullet. The sling bullet hits the iguana.
The iguana is lightly wounded.
The iguana barely misses you.
Fire: a) +1 sling
Press: ? - help, Q - select action, (/) - cycle Shift-Dir - straight line, f/p - iguana
Aim: an iguana (lightly wounded, 58% to hit)
You shoot a sling bullet.
The sling bullet hits the iguana but does no damage.
The iguana is lightly wounded.
The iguana bites you! The iguana bites you.
Fire: a) +1 sling
Press: ? - help, Q - select action, (/) - cycle Shift-Dir - straight line, f/p - iguana
Aim: an iguana (lightly wounded, 58% to hit)
You shoot a sling bullet.
The sling bullet closely misses the iguana.
The iguana bites you! The iguana attacks as you move away!
The iguana bites you!
There is a stone staircase leading up here.
The iguana barely misses you.
You climb upwards.
There is a stone staircase leading down here.
As you read the scroll of teleportation, it crumbles to dust.
You feel strangely unstable. The iguana bites you!
* * * LOW HITPOINT WARNING * * *
The iguana attacks as you move away! The iguana bites you.
* * * LOW HITPOINT WARNING * * *
The iguana attacks as you move away! The iguana bites you!
You die...
Fedhas appreciates your contribution to the ecosystem.

#.####..........#.######
#...#########........... ###.#
#.......##.#####. #.#
#.......##.# #.
#.####.......##.######
#............##.##....
#####..>......#.##....
#.l..........#....
####@.......##..#....
#...........##.)#....
#.....#.######..'....
#.....#.######'##....
##########.....#.##......#....
#....#...........##......###..
#.##.#.########..........# ##.
#.#..#<# #).........# ##
#.#.##.# #.........## ###


You could see an iguana.

Vanquished Creatures
  A jelly (D:4)
  A hound (D:4)
  An orc priest (D:2)
  Natasha (D:2)
  An orc wizard (D:2)
  A gnoll (D:1)
  An adder (D:3)
  An ufetubus (D:4)
  2 worms
  2 dart slugs
  6 orcs
  10 ball pythons
  7 endoplasms
  3 giant cockroaches
  11 goblins
  6 hobgoblins
  6 jackals
  2 kobolds
  3 quokkas
  2 frilled lizards (D:2)
  2 rats (D:3)
70 creatures vanquished.

Notes
Turn   | Place    | Note
-------+----------+-------------------------------------------
     0 | D:1      | Brutalitops the Ogre Hexslinger began the quest for the
                  | Orb.
     0 | D:1      | Reached XP level 1. HP: 19/19 MP: 2/2
   118 | D:1      | Reached XP level 2. HP: 27/27 MP: 1/3
   448 | D:1      | Reached XP level 3. HP: 33/33 MP: 5/5
  1130 | D:2      | Noticed Natasha
  1143 | D:2      | Killed Natasha
  1162 | D:2      | Reached XP level 4. HP: 42/42 MP: 4/6
  1383 | D:2      | Reached skill level 1 in Fire Magic
  1476 | D:2      | Reached XP level 5. HP: 46/49 MP: 7/7
  1730 | D:2      | Noticed Natasha
  1970 | D:3      | Found a faded altar of an unknown god.
  1978 | D:3      | Prayed at the altar of an unknown god.
  1978 | D:3      | Became a worshipper of Fedhas Madash
  1978 | D:3      | Reached * piety under Fedhas
  2856 | D:3      | Learned a level 3 spell: Inner Flame
  3709 | D:4      | Reached XP level 6. HP: 59/59 MP: 6/8
  3749 | D:4      | Reached skill level 1 in Invocations
  3980 | D:5      | Entered Level 5 of the Dungeon
  4001 | D:4      | Mangled by an iguana

Illustrated notes

Levels and vault maps discovered:
D:1:      mushboom_english_gardens, layout_basic
D:2:      minmay_skewed_foursquare, layout_rooms, uniq_natasha
D:3:      layout_basic, hellmonk_ecumenical_altar_blasted
D:4:      layout_basic
D:5:      layout_basic, general_overflow_altar, minmay_temple_entry_trees,
          serial_demonic, serial_demonic_a, serial_demonic_d, serial_demonic_f,
          serial_demonic_e, serial_demonic_c, serial_demonic_f,
          serial_demonic_c, uniq_ijyb, uniq_blork_the_orc

Skill      XL: |  1  2  3  4  5  6 |
---------------+-------------------+-----
Ranged Weapons | 2 3 |  3.3
Hexes          | 3 |  3.0
Fighting       | 2 |  2.7
Fire Magic     | 1 2 |  2.0
Dodging        | 2 |  2.1
Invocations    | 1 |  1.1
Maces & Flails | |  0.7
Stealth        | |  0.2
Spellcasting   | |  1.5

Action                     |  1- 3 |  4- 6 || total
---------------------------+-------+-------++-------
  Melee: Morningstar       |       |    44 ||    44
         Punch             |       |     2 ||     2
   Fire: Sling             |    73 |   175 ||   248
   Cast: Slow              |    19 |     6 ||    25
         Inner Flame       |       |     9 ||     9
    Use: Scroll            |     1 |    11 ||    12
         Potion            |       |     3 ||     3
 Armour: Robe              |     9 |    38 ||    47
  Dodge: Dodged            |    12 |    75 ||    87
